 Dungeon Sprint DCSS version 0.27-a0-216-g1fbed8a51c (webtiles) character file.

Game seed: 64982271207948971

963 mhtbhm the Basher (level 8, -8/73 HPs)
             Began as a Human Berserker on Feb 1, 2021.
             Was a Priest of Trog.
             Mangled by a red devil
             ... wielding a +0 trident
             ... summoned by a kobold demonologist
              (10 damage)
             ... in the Dungeon (Sprint I: "Red Sonja").
             The game lasted 00:01:31 (666 turns).

mhtbhm the Basher (Human Berserker)                  Turns: 666, Time: 00:01:31

Health: -8/73      AC: 11    Str: 19    XL:     8   Next: 37%
Magic:  8/8        EV: 10    Int:  7    God:    Trog [***...]
Gold:   382        SH:  0    Dex: 14    Spells: 7/7 levels left

rFire    . . .     SeeInvis .   a - +0 mace
rCold    . . .     Faith    .   (no shield)
rNeg     . . .     Spirit   .   b - +1 chain mail {rPois}
rPois    +         Reflect  .   (no helmet)
rElec    .         Harm     .   (no cloak)
rCorr    .         Rampage  .   (no gloves)
Will     .....     NoTele   +   (no boots)
Stlth    ..........             (no amulet)
HPRegen  0.22/turn              j - ring of stealth
MPRegen  0.11/turn              (no ring)

@: berserk cooldown
A: no striking features
a: Renounce Religion, Berserk, Trog's Hand


You were in the Dungeon.
You worshipped Trog.
Trog was most pleased with you.
You visited 1 branch You collected 437 gold pieces.
You spent 55 gold pieces at shops.

Inventory:

Hand Weapons
 a - a +0 mace (weapon)
Armour
 b - a +1 chain mail of poison resistance (worn)
Jewellery
 j - a ring of stealth (left hand)
Wands
 i - a wand of random effects (16)
Scrolls
 h - a scroll of blinking
Potions
 c - a potion of curing
 e - a potion of haste
 f - 2 potions of magic
 g - a potion of berserk rage


   Skills:
 + Level 10.4 Fighting
 + Level 11.2 Maces & Flails
 + Level 7.6 Armour
 + Level 5.8 Dodging


You had 7 spell levels left.
You didn't know any spells.
Your spell library was empty.

Dungeon Overview and Level Annotations

Branches:
Dungeon (1/1)

Altars:
Cheibriados
Dithmenos
Elyvilon
Fedhas
Gozag
Hepliaklqana
Kikubaaqudgha
Makhleb
Nemelex Xobeh
Okawaru
Qazlal
Ru
Sif Muna
Trog
Uskayaw
Vehumet
Wu Jian
Xom
Yredelemnul
Zin
The Shining One
Jiyva
Lugonu

Shops:
D !


Message History

The red devil hits you with a +0 trident.
The kobold demonologist casts a spell.
The red devil hits you with a +0 trident!
You hit the kobold demonologist.
The kobold demonologist is heavily wounded.
The kobold demonologist hits you but does no damage.
The red devil hits you with a +0 trident!
* * * LOW HITPOINT WARNING * * *
The kobold demonologist gestures wildly while chanting.
You hit the kobold demonologist.
The kobold demonologist is heavily wounded.
The red devil hits you with a +0 trident!
* * * LOW HITPOINT WARNING * * *
The kobold demonologist hits you but does no damage.
You miss the kobold demonologist.
The kobold demonologist is heavily wounded.
You feel yourself speed up.
The kobold demonologist hits you but does no damage.
The red devil hits you with a +0 trident!
You die...

######################
..)..#..'..#__#.@K45.#
..#..').#..'^.'.4#45.#
####'#####'#__#### 5.+
###..#...#.#### ##
__####..##.#
_____##'#_.+
_.∩...†..._#
_..__##_.#'#
_____###+#.#


You could see an ice devil (summoned), a kobold demonologist, a chaos spawn
(summoned), a red devil (summoned), 2 iron imps and a white imp (summoned).

Vanquished Creatures
  A kobold demonologist (D)
  A slime creature (D)
  Sigmund (D)
  A yak (D)
  A floating eye (D)
  An ogre (D)
  A jelly (D)
  Ijyb (D)
8 creatures vanquished.

Notes
Turn   | Place    | Note
-------+----------+-------------------------------------------
     0 | D        | mhtbhm the Human Berserker began the quest for the Orb.
     0 | D        | Reached XP level 1. HP: 18/18 MP: 1/1
     2 | D        | Noticed Ijyb
    11 | D        | Killed Ijyb
    12 | D        | Reached skill level 4 in Maces & Flails
    12 | D        | Reached XP level 2. HP: 21/26 MP: 2/2
    12 | D        | Reached XP level 3. HP: 25/31 MP: 3/3
   139 | D        | Noticed an ogre
   147 | D        | Killed an ogre
   148 | D        | Reached skill level 6 in Maces & Flails
   148 | D        | Reached XP level 4. HP: 16/40 MP: 4/4
   148 | D        | Reached XP level 5. HP: 18/46 MP: 5/5
   371 | D        | Noticed Sigmund
   383 | D        | Killed Sigmund
   383 | D        | Reached ** piety under Trog
   384 | D        | Reached skill level 8 in Maces & Flails
   384 | D        | Reached skill level 5 in Armour
   384 | D        | Reached XP level 6. HP: 56/56 MP: 6/6
   447 | D        | Found an ornate altar of the Wu Jian Council.
   447 | D        | Found a shimmering blue altar of Sif Muna.
   449 | D        | Found a radiant altar of Vehumet.
   488 | D        | Found Ilico Her's Distillery.
   488 | D        | Found an ancient bone altar of Kikubaaqudgha.
   488 | D        | Found a hazy altar of Hepliaklqana.
   488 | D        | Found a stormy altar of Qazlal.
   488 | D        | Found a hide-covered altar of Uskayaw.
   488 | D        | Found a blossoming altar of Fedhas.
   488 | D        | Found a bloodstained altar of Trog.
   488 | D        | Found an iron altar of Okawaru.
   488 | D        | Found a basalt altar of Yredelemnul.
   488 | D        | Found a glowing golden altar of the Shining One.
   488 | D        | Found a snail-covered altar of Cheibriados.
   488 | D        | Found a sacrificial altar of Ru.
   488 | D        | Found a glowing silver altar of Zin.
   488 | D        | Found a shadowy altar of Dithmenos.
   488 | D        | Found a white marble altar of Elyvilon.
   488 | D        | Noticed a yak
   494 | D        | Killed a yak
   495 | D        | Reached skill level 9 in Maces & Flails
   495 | D        | Reached skill level 5 in Dodging
   495 | D        | Reached XP level 7. HP: 49/64 MP: 7/7
   495 | D        | Found an opulent altar of Gozag.
   496 | D        | Found a sparkling altar of Nemelex Xobeh.
   500 | D        | Bought a potion of heal wounds for 55 gold pieces
   575 | D        | Found a burning altar of Makhleb.
   575 | D        | Found a viscous altar of Jiyva.
   575 | D        | Found a shimmering altar of Xom.
   575 | D        | Found a corrupted altar of Lugonu.
   575 | D        | Noticed a slime creature
   582 | D        | Killed a slime creature
   582 | D        | Reached *** piety under Trog
   583 | D        | Reached skill level 10 in Maces & Flails
   623 | D        | Noticed a kobold demonologist
   623 | D        | Noticed a kobold demonologist
   624 | D        | Paralysed by a floating eye for 3 turns
   627 | D        | Noticed a neqoxec
   630 | D        | Reached XP level 8. HP: 72/72 MP: 8/8
   631 | D        | Noticed a sixfirhy
   633 | D        | Killed a kobold demonologist
   634 | D        | Reached skill level 10 in Fighting
   634 | D        | Reached skill level 11 in Maces & Flails
   659 | D        | Noticed a red devil
   665 | D        | Noticed an ice devil
   665 | D        | HP: 2/73 [red devil/+0 trident[a kobold demonologist] (14)]
   666 | D        | Mangled by a red devil

Illustrated notes

Levels and vault maps discovered:
D:        dungeon_sprint_1 [red_sonja_temple_1, red_sonja_temple_small_1]

Skill      XL: |  1  2  3  4  5  6  7  8 |
---------------+-------------------------+-----
Fighting       | 4 6 8 9 10 | 10.4
Maces & Flails | 4 6 8 9 10 11 | 11.2
Armour         | 3 5 6 7 |  7.6
Dodging        | 3 4 5 |  5.8

Action                   |  1- 3 |  4- 6 |  7- 9 || total
-------------------------+-------+-------+-------++-------
Melee: Mace              |    15 |    19 |    43 ||    77
Invok: Berserk           |     2 |     1 |     2 ||     5
Evoke: Wand              |       |       |     1 ||     1
  Use: Potion            |       |       |     2 ||     2
Armor: Chain mail        |       |     5 |    29 ||    34
Dodge: Dodged            |     4 |     4 |    24 ||    32

Table legend: (Time is in decaauts)
 A = Elapsed time spent in this place.
 B = Non-inter-level travel time spent in this place.
 C = Inter-level travel time spent in this place.
 D = Time resting spent in this place.
 E = Time spent auto-exploring this place.
 F = Levels seen in this place.
 G = Mean time per level.
                   A        B        C        D        E       F      G
               +--------+--------+--------+--------+--------+-----+--------+
         Total |    698 |    698 |      0 |    485 |      0 |   1 |  698.0 |
       Dungeon |    698 |    698 |      0 |    485 |      0 |   1 |  698.0 |
               +--------+--------+--------+--------+--------+-----+--------+

Top non-repeatable levels by time:
       D: 698 daAuts
